 Dungeon Crawl Stone Soup version 0.21.0-3-g78d12a8 (webtiles) character file.

91598 MTVSty1e the Bludgeoner (level 15, -12/97 HPs)
             Began as a Gargoyle Fighter on Jan 14, 2018.
             Was the Champion of Jiyva.
             Mangled by an ettin
             ... wielding a +0 dire flail
              (24 damage)
             ... on level 15 of the Dungeon.
             The game lasted 00:56:39 (24766 turns).

MTVSty1e the Bludgeoner (Gargoyle Fighter)         Turns: 24766, Time: 00:56:40

Health: -12/97     AC: 25    Str: 35    XL:     15   Next: 60%
Magic:  26/26      EV: 11    Int:  9    God:    Jiyva [******]
Gold:   1113       SH: 18    Dex: 10    Spells: 14/14 levels left

rFire    . . .     SeeInvis .   w - +3 flail (crush)
rCold    . . .     Gourm    .   c - +0 shield
rNeg     + . .     Faith    .   H - +0 scale mail "Qedeiwae" {Str+3 Dex+3}
rPois    ∞         Spirit   .   (no helmet)
rElec    +         Reflect  +   M - +1 cloak
rCorr    +         Harm     .   k - +0 pair of gloves
MR       +....     Clarity  +   (no boots)
Stlth    +.........             x - +4 amulet of reflection
HPRegen  0.26/turn              V - ring of Xonkuzaa {rElec Str+4 Stlth+}
MPRegen  0.20/turn              g - ring of magical power

@: hasted, very quick
A: big wings, clarity, low mp 1, mutation resistance 1, negative energy
resistance 1, electricity resistance, wild magic 3, unbreathing, eyeballs 1,
gelatinous body 1, translucent skin 2, jelly absorbing missiles, petrification
resistance, rot immunity, AC +11
}: 1/15 runes: slimy
a: Fly, Request Jelly, Slimify, Cure Bad Mutation, Renounce Religion


You were on level 15 of the Dungeon.
You worshipped Jiyva.
Jiyva was exalted by your worship.
You were completely stuffed.

You visited 5 branches of the dungeon, and saw 28 of its levels.
You also visited: Sewer and Ossuary.

You collected 1113 gold pieces.

Inventory:

Hand Weapons
 w - a +3 flail of crushing (weapon)
 W - the +3 trident of Income {flame, Str+6}
   (You found it on level 5 of the Pits of Slime)

   It has been specially enchanted to burn those struck by it, causing extra
   injury to most foes and up to half again as much damage against particularly
   susceptible opponents.
   It affects your strength (+6).
Armour
 c - a +0 shield (worn)
 k - a +0 pair of gloves (worn)
 H - the +0 scale mail "Qedeiwae" (worn) {Str+3 Dex+3}
   (You found it on level 2 of the Lair of Beasts)

   It affects your strength (+3).
   It affects your dexterity (+3).
 M - a +1 cloak (worn)
 R - the +2 pair of gloves of Eternity {rF+ Int-5 Dex+4}
   (You found it on level 12 of the Dungeon)

   It affects your intelligence (-5).
   It affects your dexterity (+4).
   It protects you from fire.
Jewellery
 g - a ring of magical power (right hand)
 i - an uncursed amulet of regeneration
 x - a +4 amulet of reflection (around neck)
 N - the ring "Byod" {*Tele Int+6}
   (You found it on level 6 of the Lair of Beasts)

   [ring of teleportation]

   It may teleport you next to monsters.
   It affects your intelligence (+6).
 T - the ring of Xom's Ringing Laughter {*Tele rPois Stlth+}
   (You found it on level 5 of the Pits of Slime)

   [ring of teleportation]

   It may teleport you next to monsters.
   It protects you from poison.
   It makes you more stealthy.
 V - the ring of Xonkuzaa (left hand) {rElec Str+4 Stlth+}
   (You found it on level 5 of the Pits of Slime)

   [ring of stealth]

   It affects your strength (+4).
   It insulates you from electricity.
   It makes you more stealthy.
Wands
 a - a wand of flame (55)
 e - a wand of paralysis (13)
 s - a wand of enslavement (16)
 y - a wand of iceblast (19)
 z - a wand of disintegration (17)
 F - a wand of acid (3)
 K - a wand of scattershot (7)
 L - a wand of polymorph (12)
Scrolls
 l - 12 scrolls of remove curse
 m - a scroll of fear
 o - a scroll of amnesia
 r - 3 scrolls of teleportation
 u - 3 scrolls of enchant armour
 v - 6 scrolls of enchant weapon
 A - 4 scrolls of identify
 B - a scroll of magic mapping
 E - 3 scrolls of fog
 Q - a scroll of summoning
Potions
 b - 6 potions of brilliance
 d - a potion of might
 h - a potion of magic
 j - a potion of mutation
 n - 3 potions of berserk rage
 p - 8 potions of curing
 q - 3 potions of lignification
 t - 2 potions of invisibility
 C - a potion of agility
 G - a potion of haste
 J - a potion of ambrosia
 O - 2 potions of cancellation
Comestibles
 f - 30 rations


   Skills:
 + Level 12.9 Fighting
 * Level 17.5 Maces & Flails
 + Level 11.0 Armour
 + Level 13.1 Shields
 - Level 6.0 Evocations


You had 14 spell levels left.
You didn't know any spells.

Dungeon Overview and Level Annotations

Branches:
Dungeon (15/15)            Temple (1/1) D:4            Lair (6/6) D:8
 Shoals (1/4) Lair:3       Spider (0/4) Lair:4        Slime (5/5) Lair:6
    Orc (0/2) D:12         Vaults (0/5) D:13
 Depths: D:15

Altars:
Ashenzari
Cheibriados
Dithmenos
Elyvilon
Fedhas
Gozag
Hepliaklqana
Kikubaaqudgha
Makhleb
Nemelex Xobeh
Okawaru
Qazlal
Ru
Sif Muna
Trog
Uskayaw
Vehumet
Wu Jian
Xom
Yredelemnul
Zin
The Shining One
Jiyva

Shops:
D:6 (   D:7 %!%=   D:13 }

Annotations:
Lair:2 exclusion: oklob plant
Slime:4 nikopol's ghost, master MiBe
Slime:5 Royal Jelly


Innate Abilities, Weirdness & Mutations

You are resistant to torment.
Your stone body is resilient. (AC +11)
You are immune to poison.
Your large and strong wings let you fly indefinitely.
You resist negative energy. (rN+)
You are resistant to electric shocks. (rElec)
You can survive without breathing.
You are immune to petrification.
You are immune to rotting.
You possess an exceptional clarity of mind.
Your magical capacity is low. (-10% MP)
You are somewhat resistant to further mutation.
Your spells are much harder to cast, but much more powerful.
Your body has grown golden eyes which may confuse attackers. (Acc +3)
Your rubbery body absorbs attacks. (AC +1, EV +1)
Your translucent skin reduces your foes' accuracy. (Stealth)
You have a small jelly attached to you that may absorb incoming projectiles.


Message History

You completely miss the ettin. You block the bullfrog's attack.
The ettin hits you with a dire flail.
The ettin hits you with a dire flail of protection!!
You shudder from the blow and a jelly pops out!
The yaktaur shouts!
You sock the ettin!
The ettin is moderately wounded.
The bullfrog hits you.
You bludgeon the ettin!!
The ettin is heavily wounded.
Your death ooze hits the bullfrog!!
The bullfrog dies!
The ettin hits you with a dire flail!
The ettin hits you with a dire flail of protection!!
* * * LOW HITPOINT WARNING * * *
You shudder from the blow and a jelly pops out!
Okay, then.
You feel yourself speed up. You block the ettin's attack.
The ettin hits you with a dire flail of protection!!
You die...

... #.. ....#
....#.. ....#
..c.#''##....#
.............#
.............#
.............#
......CJ.J...#
......J@.....#
.######.J....#
#J.JJ..#
#..J...#
#......#
#......#
#......#
##....## .
#....#


You could see an ettin, a yaktaur, 6 neutral slime creatures (fellow slime) and
2 friendly death oozes.

Vanquished Creatures
  Josephine (D:13)
  A rakshasa (D:14)
  A catoblepas (D:14)
  8 hydras
  3 centaur warriors (D:14)
  2 dancing weapons (D:13)
  12 death yaks
  An ogre mage (D:15)
  9 two-headed ogres
  2 tengu warriors
  A deep elf knight (D:15)
  A fire crab (Lair:4)
  An unseen horror (D:14)
  A wizard (D:14)
  A cyclops (D:14)
  An orb spider (Lair:4)
  6 ugly things
  A faun (Lair:4)
  An orc sorcerer (D:15)
  2 manticores
  Maurice (D:9)
  4 elephants (Lair:6)
  2 black mambas
  A merfolk siren (Lair:3)
  8 spiny frogs
  2 gargoyles (D:14)
  2 rime drakes
  The ghost of MTVSty1e the Basher, a novice GrMo (D:5)
  6 komodo dragons
  A merfolk (D:11)
  A tengu conjurer (D:13)
  6 trolls
  6 polar bears
  3 hornets (Lair:6)
  Grinder (D:3)
  15 dream sheep
  3 blink frogs (Lair:6)
  15 hippogriffs
  A shadow (D:13)
  15 spriggans
  3 wraiths (D:13)
  37 yaks
  2 wyverns
  2 basilisks
  A steam dragon (Lair:3)
  4 vampire mosquitoes (D:14)
  An acid dragon (D:13)
  9 water moccasins
  12 orc warriors
  13 porcupines
  5 sky beasts
  3 black bears
  9 ice beasts
  2 phantoms
  A necrophage (D:11)
  A hornet zombie (D:14)
  54 wolves
  8 ogres
  15 centaurs
  3 boggarts
  10 crocodiles
  7 big kobolds
  3 gnoll sergeants
  20 bullfrogs
  A wyvern zombie (D:11)
  3 scorpions
  6 killer bees (D:10)
  A jelly (D:8)
  9 wights
  A howler monkey (D:6)
  A lava snake (D:13)
  4 crimson imps
  A bullfrog zombie (D:6)
  A quasit (D:10)
  2 centaur zombies
  9 hounds
  19 orc wizards
  15 orc priests
  2 bullfrog skeletons
  2 gnoll shamans
  4 centaur skeletons
  Jessica (D:3)
  Terence (D:2)
  7 iguanas
  Natasha (thrice) (D:2)
  15 worker ants
  A killer bee zombie (D:6)
  2 hound zombies (D:7)
  A hound skeleton (D:4)
  A howler monkey zombie (D:6)
  2 mummies
  Robin (D:2)
  11 gnolls
  2 howler monkey skeletons
  13 adders
  4 shadow imps
  4 oozes (Sewer)
  An adder skeleton (D:6)
  An adder zombie (D:8)
  6 worms
  6 dart slugs
  6 leopard geckos
  50 orcs
  3 giant cockroaches
  16 goblins
  7 hobgoblins
  13 jackals
  4 quokkas
  6 ball pythons
  7 bats
  9 frilled lizards
  2 gnoll skeletons (Ossuary)
  5 gnoll zombies (Ossuary)
  2 goblin skeletons (Ossuary)
  5 goblin zombies (Ossuary)
  3 hobgoblin skeletons (Ossuary)
  2 hobgoblin zombies (Ossuary)
  6 kobolds
  3 kobold skeletons (Ossuary)
  5 kobold zombies (Ossuary)
  3 orc skeletons (Ossuary)
  15 rats
  A rat skeleton (Ossuary)
  A rat zombie (Ossuary)
  A fungus (Lair:2)
714 creatures vanquished.

Vanquished Creatures (collateral kills)
  An ugly thing (D:14)
  A bullfrog (D:15)
2 creatures vanquished.

Vanquished Creatures (others)
  5 acid blobs
  2 death oozes
  3 great orbs of eyes
  3 shining eyes
  An eye of devastation (Slime:3)
  78 slime creatures
  Menkaure (Ossuary)
  A water moccasin (D:12)
  An orc warrior (D:10)
  4 eyes of draining
  2 boggarts (Lair:6)
  6 centaurs
  28 jellies
  A gnoll sergeant (D:9)
  A crimson imp (D:15)
  A hound (D:11)
  A centaur zombie (D:10)
  2 iguanas
  An orc wizard (D:9)
  A worker ant (D:10)
  A hound zombie (D:11)
  2 mummies (Ossuary)
  A worker ant zombie (D:11)
  2 gnolls (D:9)
  An adder (D:11)
  6 orcs
  A gnoll zombie (Ossuary)
  2 quokkas
  2 gnoll skeletons (Ossuary)
  4 goblin skeletons (Ossuary)
  A goblin zombie (Ossuary)
  2 hobgoblin skeletons (Ossuary)
  A hobgoblin zombie (Ossuary)
  2 kobold skeletons (Ossuary)
  2 kobold zombies (Ossuary)
  An orc skeleton (Ossuary)
  2 rat zombies (Ossuary)
  A bush (Lair:4)
  25 fungi
  6 plants
208 creatures vanquished.

Grand Total: 924 creatures vanquished

Notes
Turn   | Place    | Note
-------+----------+-------------------------------------------
     0 | D:1      | MTVSty1e the Gargoyle Fighter began the quest for the Orb.
     0 | D:1      | Reached XP level 1. HP: 14/14 MP: 1/1
    73 | D:1      | Reached XP level 2. HP: 8/19 MP: 2/2
   163 | D:1      | Reached skill level 3 in Maces & Flails
   361 | D:1      | Reached XP level 3. HP: 23/23 MP: 3/3
   715 | D:2      | Noticed Natasha
   725 | D:2      | Killed Natasha
   725 | D:2      | Reached skill level 4 in Maces & Flails
  1023 | D:2      | Found a shimmering altar of Xom.
  1065 | D:2      | Noticed Robin
  1065 | D:2      | Noticed Natasha
  1070 | D:2      | Reached XP level 4. HP: 14/28 MP: 4/4
  1089 | D:2      | Gained mutation: Your movements are slightly less encumbered by armour. (ER -2) [potion of mutation]
  1089 | D:2      | Gained mutation: You have an increased reservoir of magic. (+10% MP) [potion of mutation]
  1369 | D:3      | Noticed Jessica
  1392 | D:3      | Killed Jessica
  1480 | D:3      | Noticed Grinder
  1488 | D:3      | Paralysed by Grinder for 4 turns
  1528 | D:3      | Paralysed by Grinder for 6 turns
  1534 | D:3      | Killed Grinder
  1534 | D:3      | Reached skill level 6 in Maces & Flails
  1534 | D:3      | Reached XP level 5. HP: 2/32 MP: 5/5
  1534 | D:3      | Reached XP level 6. HP: 3/37 MP: 6/6
  2319 | D:2      | Noticed Terence
  2337 | D:2      | Killed Terence
  2420 | D:2      | Killed Robin
  2629 | D:2      | Killed Natasha
  2629 | D:2      | Reached skill level 7 in Maces & Flails
  2845 | D:2      | Noticed Natasha
  2854 | D:2      | Killed Natasha
  2957 | D:2      | Found a shimmering altar of Xom.
  2958 | D:2      | Found a shimmering altar of Xom.
  2958 | D:2      | Found a shimmering altar of Xom.
  2959 | D:2      | Found a shimmering altar of Xom.
  3145 | D:4      | Found a shattered altar of Ashenzari.
  3146 | D:4      | Found a deep blue altar of Sif Muna.
  3146 | D:4      | Found an ancient bone altar of Kikubaaqudgha.
  3146 | D:4      | Found a deep blue altar of Sif Muna.
  3146 | D:4      | Found a blossoming altar of Fedhas.
  3149 | D:4      | Found a glowing golden altar of the Shining One.
  3149 | D:4      | Found a shattered altar of Ashenzari.
  3150 | D:4      | Found a sparkling altar of Nemelex Xobeh.
  3150 | D:4      | Found a shimmering altar of Xom.
  3150 | D:4      | Found a basalt altar of Yredelemnul.
  3158 | D:4      | Reached XP level 7. HP: 41/41 MP: 7/7
  3161 | D:4      | Found a sparkling altar of Nemelex Xobeh.
  3161 | D:4      | Found a glowing golden altar of the Shining One.
  3169 | D:4      | Found a staircase to the Ecumenical Temple.
  3229 | D:4      | Found a glowing drain.
  3256 | Sewer    | Entered a sewer
  3421 | Sewer    | Reached skill level 8 in Maces & Flails
  3690 | Sewer    | Reached skill level 9 in Maces & Flails
  3692 | Sewer    | Reached XP level 8. HP: 46/46 MP: 8/8
  3922 | Temple   | Entered the Ecumenical Temple
  4879 | D:5      | Entered Level 5 of the Dungeon
  4905 | D:5      | Reached skill level 10 in Maces & Flails
  5413 | D:5      | Found a shattered altar of Ashenzari.
  5413 | D:5      | Found a hide-covered altar of Uskayaw.
  5479 | D:5      | Noticed MTVSty1e's ghost (novice GrMo)
  5568 | D:5      | Killed MTVSty1e's ghost
  5568 | D:5      | Reached skill level 11 in Maces & Flails
  5568 | D:5      | Reached XP level 9. HP: 43/51 MP: 9/9
  5688 | D:5      | Found a stormy altar of Qazlal.
  5859 | D:5      | Found a basalt altar of Yredelemnul.
  6491 | D:6      | Reached skill level 12 in Maces & Flails
  6778 | D:6      | Reached skill level 5 in Fighting
  7171 | D:6      | Found a sacrificial altar of Ru.
  7194 | D:6      | Reached XP level 10. HP: 53/60 MP: 11/11
  7258 | D:6      | Found Qukhy's Weapon Shop.
  7270 | D:6      | Found a blossoming altar of Fedhas.
  7270 | D:6      | Found an ancient bone altar of Kikubaaqudgha.
  7507 | D:6      | Reached skill level 13 in Maces & Flails
  7868 | D:7      | Found Kumaediezu's Distillery.
  7986 | D:7      | Found Lepruef's Jewellery Shop.
  8126 | D:7      | Found a sand-covered staircase.
  8139 | Ossuary  | Entered an ossuary
  8335 | Ossuary  | Killed Menkaure
  8541 | D:7      | Found Pife's Food Boutique.
  8677 | D:7      | Found Kigetek's Food Shop.
  8744 | D:8      | Found a glowing golden altar of the Shining One.
  8746 | D:8      | Noticed a death yak
  8748 | D:8      | Found a staircase to the Lair.
  8763 | D:8      | Killed a death yak
  8843 | D:8      | Noticed a death yak
  8844 | D:8      | Noticed a death yak
  8845 | D:8      | Noticed a death yak
  8871 | D:7      | Killed a death yak
  8871 | D:7      | Reached skill level 14 in Maces & Flails
  9040 | D:8      | Noticed a two-headed ogre
  9055 | D:8      | Killed a two-headed ogre
  9065 | D:8      | Reached XP level 11. HP: 52/68 MP: 12/12
  9159 | D:8      | Noticed a death yak
  9347 | D:7      | Killed a death yak
  9757 | D:8      | Killed a death yak
  9764 | D:8      | Killed a death yak
  9950 | D:9      | Noticed a death yak
  9958 | D:9      | Noticed Maurice
  9962 | D:9      | Killed a death yak
  9968 | D:9      | Paralysed by something for 6 turns
  9983 | D:9      | Killed Maurice
 10032 | D:9      | Found a sparkling altar of Nemelex Xobeh.
 10181 | D:9      | Reached skill level 5 in Shields
 10196 | D:9      | Reached skill level 5 in Armour
 10254 | Lair:1   | Entered Level 1 of the Lair of Beasts
 10364 | Lair:1   | Reached skill level 15 in Maces & Flails
 10532 | Lair:1   | Noticed a six-headed hydra
 10553 | Lair:1   | Killed a six-headed hydra
 11286 | Lair:1   | Reached XP level 12. HP: 64/76 MP: 13/13
 11738 | Lair:2   | Got a crude scale mail
 11739 | Lair:2   | Identified the +0 scale mail "Qedeiwae" {Str+3 Dex+3} (You found it on level 2 of the Lair of Beasts)
 11896 | Lair:2   | Noticed a death yak
 11897 | Lair:2   | Noticed a death yak
 11898 | Lair:2   | Noticed a death yak
 11898 | Lair:2   | Noticed a death yak
 11898 | Lair:2   | Noticed a death yak
 11911 | Lair:2   | Killed a death yak
 11925 | Lair:2   | Killed a death yak
 11926 | Lair:2   | Noticed a death yak
 12630 | Lair:3   | Killed a death yak
 12791 | Lair:3   | Reached skill level 10 in Fighting
 13033 | Lair:3   | Found a staircase to the Shoals.
 13425 | Shoals:1 | Entered Level 1 of the Shoals
 13468 | Lair:4   | Noticed a six-headed hydra
 13496 | Lair:4   | Noticed Nessos
 13624 | Lair:4   | Noticed Nessos
 13624 | Lair:4   | Nessos changed into Nessos the fire crab
 13631 | Lair:4   | Killed Nessos the fire crab
 13715 | Lair:4   | Noticed a six-headed hydra
 13732 | Lair:4   | Killed a six-headed hydra
 13741 | Lair:4   | Reached XP level 13. HP: 30/83 MP: 14/14
 13906 | Lair:4   | Reached skill level 10 in Shields
 14261 | Lair:4   | Found a hole to the Spider Nest.
 15323 | Lair:5   | Reached skill level 16 in Maces & Flails
 15815 | Lair:6   | Entered Level 6 of the Lair of Beasts
 16615 | Lair:6   | Gained mutation: Your large and strong wings let you fly indefinitely. [Gargoyle growth]
 16615 | Lair:6   | Reached XP level 14. HP: 53/91 MP: 15/15
 16794 | Lair:6   | Reached skill level 1 in Evocations
 17131 | Lair:6   | Found a staircase to the Slime Pits.
 17131 | Lair:6   | Found a viscous altar of Jiyva.
 17165 | Lair:6   | Became a worshipper of Jiyva Jeruad the Shapeless
 17548 | Lair:6   | Reached * piety under Jiyva
 17899 | Lair:6   | Got a twitching golden ring
 18062 | Lair:2   | Identified the ring "Byod" {*Tele Int+6} (You found it on level 6 of the Lair of Beasts)
 18477 | D:9      | Reached ** piety under Jiyva
 18574 | D:9      | Found a hazy altar of Hepliaklqana.
 18597 | D:9      | Reached *** piety under Jiyva
 18647 | D:9      | Reached **** piety under Jiyva
 18654 | D:9      | Lost mutation: Your movements are slightly less encumbered by armour. (ER -2) [Jiyva's grace]
 18720 | D:10     | Entered Level 10 of the Dungeon
 19114 | D:10     | Gained mutation: Your rubbery body absorbs attacks. (AC +1, EV +1) [Jiyva's grace]
 19116 | D:10     | Reached ***** piety under Jiyva
 19191 | D:10     | Gained mutation: You are partially covered in molten scales. (AC +2) [Jiyva's grace]
 19242 | D:10     | Gained mutation: You have a pair of small antennae on your head. [Jiyva's grace]
 20022 | D:11     | Reached skill level 10 in Armour
 20068 | D:11     | Reached ****** piety under Jiyva
 20074 | D:11     | Lost mutation: You have an increased reservoir of magic. (+10% MP) [Jiyva's grace]
 20159 | D:11     | Lost mutation: You are partially covered in molten scales. (AC +2) [Jiyva's grace]
 20323 | D:11     | Gained mutation: Your spells are a little harder to cast, but a little more powerful. [Jiyva's grace]
 20899 | D:12     | Gained mutation: You possess an exceptional clarity of mind. [Jiyva's grace]
 21009 | D:12     | Found a staircase to the Orcish Mines.
 21058 | D:12     | Gained mutation: Your spells are harder to cast, but more powerful. [Jiyva's grace]
 21064 | D:12     | Gained mutation: Your spells are much harder to cast, but much more powerful. [Jiyva's grace]
 21086 | D:12     | Gained mutation: You are resistant to hostile enchantments. (MR+) [Jiyva's grace]
 21105 | D:12     | Got a pair of pitted gloves
 21346 | Slime:1  | Entered Level 1 of the Pits of Slime
 21347 | Slime:1  | Identified the +2 pair of gloves of Eternity {rF+ Int-5 Dex+4} (You found it on level 12 of the Dungeon)
 21408 | Slime:3  | Noticed an azure jelly
 21408 | Slime:3  | Noticed an acid blob
 21424 | Slime:3  | Killed an acid blob
 21428 | Slime:3  | Noticed an azure jelly
 21428 | Slime:3  | Noticed an acid blob
 21431 | Slime:3  | Noticed an azure jelly
 21434 | Slime:3  | Noticed an acid blob
 21504 | Slime:5  | Entered Level 5 of the Pits of Slime
 21504 | Slime:5  | Noticed an acid blob
 21506 | Slime:5  | Noticed an acid blob
 21509 | Slime:5  | Noticed an acid blob
 21515 | Slime:5  | Noticed the Royal Jelly
 21516 | Slime:5  | Noticed an acid blob
 21518 | Slime:5  | Lost mutation: You are resistant to hostile enchantments. (MR+) [Jiyva's grace]
 21523 | Slime:5  | Found a viscous altar of Jiyva.
 21528 | Slime:5  | Got a pitted jade ring
 21528 | Slime:5  | Gained mutation: Your translucent skin slightly reduces your foes' accuracy. (Stealth) [Jiyva's grace]
 21544 | Slime:5  | Gained mutation: Your body has grown golden eyes which may confuse attackers. (Acc +3) [Jiyva's grace]
 21545 | Slime:5  | Got a faintly glowing bronze ring
 21548 | Slime:5  | Noticed an acid blob
 21558 | Slime:5  | Killed an acid blob
 21566 | Slime:5  | Killed an acid blob
 21570 | Slime:5  | Got a dazzling trident
 21570 | Slime:5  | Killed an acid blob
 21576 | Slime:5  | Noticed an azure jelly
 21580 | Slime:5  | Got a slimy rune of Zot
 21586 | Slime:5  | Killed an acid blob
 21615 | Slime:4  | Noticed an acid blob
 21617 | Slime:4  | Noticed an acid blob
 21628 | Slime:4  | Noticed nikopol's ghost (master MiBe)
 21739 | Slime:3  | Noticed an azure jelly
 21761 | Slime:1  | Noticed an azure jelly
 21797 | Slime:1  | Noticed an azure jelly
 21867 | Lair:6   | Identified the ring of Xom's Ringing Laughter {*Tele rPois Stlth+} (You found it on level 5 of the Pits of Slime)
 21868 | Lair:6   | Identified the ring of Xonkuzaa {rElec Str+4 Stlth+} (You found it on level 5 of the Pits of Slime)
 21869 | Lair:6   | Identified the +3 trident of Income {flame, Str+6} (You found it on level 5 of the Pits of Slime)
 21885 | Lair:6   | Gained mutation: You are somewhat resistant to further mutation. [Jiyva's grace]
 22438 | D:12     | You fall through a shaft for 2 floors!
 22481 | D:14     | Reached skill level 5 in Evocations
 22498 | D:14     | Reached skill level 17 in Maces & Flails
 22511 | D:14     | Reached XP level 15. HP: 63/97 MP: 18/18
 22767 | D:14     | Found a shadowy altar of Dithmenos.
 22918 | D:14     | Lost mutation: You have a pair of small antennae on your head. [Jiyva's grace]
 22990 | D:14     | Gained mutation: You have a small jelly attached to you that may absorb incoming projectiles. [Jiyva's grace]
 23058 | D:14     | Gained mutation: You are agile. (Dex +2) [Jiyva's grace]
 23134 | D:14     | Gained mutation: Your magical capacity is low. (-10% MP) [Jiyva's grace]
 23335 | D:13     | Found a white marble altar of Elyvilon.
 23347 | D:13     | Noticed Josephine
 23375 | D:13     | Killed Josephine
 23407 | D:13     | Found a gate to the Vaults.
 23481 | D:13     | Found Jyet's Gadget Emporium.
 23569 | D:13     | Gained mutation: Your translucent skin reduces your foes' accuracy. (Stealth) [Jiyva's grace]
 23721 | D:13     | Got a translucent lajatang
 24605 | D:15     | Entered Level 15 of the Dungeon
 24621 | D:15     | Identified the +9 lajatang "Xiruat" {drain, Str+4} (You found it on level 13 of the Dungeon)
 24741 | D:15     | Lost mutation: You are agile. (Dex +2) [Jiyva's grace]
 24766 | D:15     | Mangled by an ettin

Skill      XL: |  1  2  3  4  5  6  7  8  9 10 11 12 13 14 15 |
---------------+----------------------------------------------+-----
Maces & Flails | 3 4 6 7 9 11 12 14 15 16 17 | 17.5
Fighting       | 5 8 9 10 11 12 | 12.9
Armour         | 5 7 9 10 11 | 11.0
Shields        | 6 9 11 12 13 | 13.1
Evocations     | 5 6 |  6.0

Action                   |  1- 3 |  4- 6 |  7- 9 | 10-12 | 13-15 || total
-------------------------+-------+-------+-------+-------+-------++-------
Melee: Flail             |   109 |   215 |   657 |   797 |  1452 ||  3230
Invok: Request Jelly     |       |       |       |       |     5 ||     5
Evoke: Wand              |       |       |       |     5 |     2 ||     7
  Use: Scroll            |     1 |     5 |     6 |    13 |    26 ||    51
       Potion            |     1 |     2 |       |     7 |     5 ||    15
 Stab: Confused          |       |       |       |       |     7 ||     7
       Distracted        |       |       |       |       |     2 ||     2
       Sleeping          |       |       |       |       |     1 ||     1
  Eat: Chunk             |       |     4 |     4 |     2 |     8 ||    18
       Ration            |       |     1 |     4 |     5 |     3 ||    13
Armor: Scale mail        |    68 |       |       |   167 |   552 ||   787
       Chain mail        |    11 |   183 |   314 |   234 |       ||   742
Dodge: Dodged            |    41 |    76 |   123 |   199 |   335 ||   774
Block: Shield            |    87 |   144 |   271 |   357 |  1139 ||  1998
       Reflection        |       |       |       |       |    42 ||    42
